Blues vs Nordiques

Created - 7 décembre 2020 at 09:26

Goals
1 2 3 T
Blues 2 2 0 4
Nordiques 1 1 0 2
Shots
1 2 3 T
Blues 8 16 9 33
Nordiques 10 13 12 35

1st period

1. Blues , Reilly Smith 2 (Jeff Carter 3) at 4:15
2. Blues , Evgeny Kuznetsov 5 (Evander Kane 6, Anthony Cirelli 2) at 6:35 (PP)
3. Nordiques , Sebastian Aho 9 (Alexander Wennberg 3, Shayne Gostisbehere 2) at 18:18

Penalties :
Brandon Dubinsky (QUE) for Tripping (Minor) at 6:23, Evander Kane (STL) for Tripping (Minor) at 7:02, Jeff Carter (STL) for Hooking (Minor) at 13:12

2nd period

4. Blues , Evgeny Kuznetsov 6 (Anthony Cirelli 3, Evander Kane 7) at 0:57
5. Blues , Evgeny Kuznetsov 7 (Evander Kane 8, Morgan Rielly 2) at 12:04
6. Nordiques , Hudson Fasching 2 (Joel L'Esperance 4, Joel Farabee 3) at 12:16

Penalties :
Brent Seabrook (QUE) for Interference (Minor) at 1:33, Philippe Myers (QUE) for Interference (Minor) at 5:50, Sebastian Aho (QUE) for Holding (Minor) at 18:21

3rd period

No Goal

Penalties :
Ryan Lindgren (QUE) for Hooking (Minor) at 4:47, Sebastian Aho (QUE) for Tripping (Minor) at 12:19, Joel L'Esperance (QUE) for Slashing (Minor) at 16:17

Goalie Stats

Jonathan Quick (STL), 33 saves from 35 shots - (0,943), W, 2-5-0, 60:00 minutes
Dan Vladar (QUE), 29 saves from 33 shots - (0,879), L, 5-3-0, 60:00 minutes

Players Stats for Blues

Player Name              G  A  P  +/- PIM S  H  SB GA TA FO     MP     PP MP  PK MP  
------------------------------------------------------------------------------------
Andy Greene              0  0  0   2  0   1  0  2  0  1  0/0    28:30   7:34   2:22 
Anthony Cirelli          0  2  2   2  0   3  2  1  1  0  1/1    22:27   6:43   1:47 
Christian Dvorak         0  0  0  -1  0   2  1  0  2  0  7/7    11:33   0:00   0:48 
Colin White              0  0  0  -1  0   1  1  1  0  0  0/0     9:52   0:00   0:00 
Curtis Lazar             0  0  0   0  0   3  1  0  0  0  0/0     7:28   0:00   0:00 
Evander Kane             0  3  3   2  2   5  2  1  1  1  2/3    21:45   6:51   1:08 
Evgeny Kuznetsov         3  0  3   2  0   3  0  1  2  0  18/32  22:35   6:43   2:06 
Jeff Carter              0  1  1   0  2   0  0  2  0  0  5/9    17:52   5:15   0:00 
Jonathan Drouin          0  0  0   0  0   4  3  1  2  0  0/1    18:45   5:15   0:52 
Justin Faulk             0  0  0  -1  0   1  3  1  0  0  0/0    20:37   4:32   1:36 
Marc-Edouard Vlasic      0  0  0  -1  0   1  0  2  0  0  0/0    20:37   4:32   1:36 
Matt Martin              0  0  0   0  0   0  1  0  0  0  0/0     0:19   0:08   0:00 
Melker Karlsson          0  0  0   0  0   0  3  0  0  0  0/3     7:36   0:00   0:08 
Michael Frolik           0  0  0   0  0   0  0  0  0  0  0/0     7:28   0:00   0:00 
Mike Reilly              0  0  0   0  0   0  0  0  0  0  0/0    10:53   0:00   0:00 
Morgan Rielly            0  1  1   2  0   0  3  3  1  2  0/0    28:30   7:34   2:22 
Reilly Smith             1  0  1   0  0   5  0  1  1  0  0/3    17:51   5:15   0:50 
Ryan Reaves              0  0  0   0  0   0  0  0  0  0  0/0     0:19   0:08   0:00 
Sean Walker              0  0  0   0  0   2  0  2  0  0  0/0    10:53   0:00   0:00 
Zach Sanford             0  0  0  -1  0   2  2  0  0  0  0/1    10:10   0:00   0:17 

Players Stats for Nordiques

Player Name              G  A  P  +/- PIM S  H  SB GA TA FO     MP     PP MP  PK MP  
------------------------------------------------------------------------------------
Alexander Wennberg       0  1  1   0  0   3  0  0  0  1  0/0    17:46   2:05   6:03 
Brandon Dubinsky         0  0  0  -2  2   2  0  0  0  1  7/13   19:14   1:53   5:39 
Brent Seabrook           0  0  0  -1  2   0  1  2  0  1  0/0    19:31   2:16   1:19 
Cole Schneider           0  0  0   0  0   0  0  0  1  0  3/5    13:12   0:00   1:53 
David Backes             0  0  0   0  0   0  2  0  0  0  0/0    11:22   0:00   0:00 
Hudson Fasching          1  0  1   1  0   2  0  0  0  1  0/0    11:03   0:00   0:00 
Joel Farabee             0  1  1   1  0   2  1  0  0  0  0/0    11:34   0:00   0:21 
Joel L'Esperance         0  1  1   1  2   6  3  1  0  0  4/13   11:02   0:00   0:00 
Justin Abdelkader        0  0  0  -2  0   6  2  0  0  0  0/2    19:18   1:53   5:42 
Justin Holl              0  0  0   2  0   0  0  1  0  1  0/0    21:49   1:42   6:28 
Kirby Dach               0  0  0  -2  0   2  3  0  2  0  0/0    13:52   1:53   0:34 
Mathieu Perreault        0  0  0   0  0   4  1  0  0  1  5/11   11:22   0:00   0:00 
Philippe Myers           0  0  0  -2  2   0  1  0  0  1  0/0    20:21   0:00   5:25 
Ryan Lindgren            0  0  0  -2  2   0  2  1  0  0  0/0    20:36   0:00   5:10 
Sebastian Aho            1  0  1   0  4   1  2  0  0  1  8/16   15:41   2:05   4:00 
Shayne Gostisbehere      0  1  1   2  0   3  2  1  0  2  0/0    21:10   1:42   5:49 
Travis Sanheim           0  0  0  -1  0   2  0  0  0  0  0/0    17:17   2:16   0:01 
Tyler Johnson            0  0  0   0  0   2  1  1  1  0  0/0    11:37   2:05   0:00 

3 Stars

1 - Evgeny Kuznetsov (STL)
2 - Evander Kane (STL)
3 - Anthony Cirelli (STL)

Power Play

Blues - 1 on 7 Attempt(s) - 14,29%
Nordiques - 0 on 2 Attempt(s) - 0,00%

Penalty Kill

Blues - 2 on 2 Attempt(s) - 100,00% - Score 0 goal in Penalty Kill
Nordiques - 6 on 7 Attempt(s) - 85,71% - Score 0 goal in Penalty Kill

Team Stat

Blues - Hits : 22 - Faceoff Wins : 33 - Blocked Shots : 18 - Penalty Minutes : 4
Nordiques - Hits : 21 - Faceoff Wins : 27 - Blocked Shots : 7 - Penalty Minutes : 14

Official

Referees : Shaun Davis and Justin Kea
Linesman : Jim Harper and James Tobias

Game Notes

Evgeny Kuznetsov has scored a Hat Trick!

Finance

Level 1 -- Attendance: 6000 (100,00%) -- Ticket Income 480 000 $
Level 2 -- Attendance: 5000 (100,00%) -- Ticket Income 250 000 $
Level 3 -- Attendance: 2000 (100,00%) -- Ticket Income 50 000 $
Level 4 -- Attendance: 4000 (100,00%) -- Ticket Income 40 000 $
Luxury Box -- Attendance: 955 (95,50%) -- Ticket Income 152 800 $
Game was played at the Colisee.
Total Attendance: 17955 (99,75%)
Total Ticket Income: 972 800 $
Other Income: 476 672 $
Total Income: 1 449 472 $

Blues

5 vs 5 Forward 
   Center                   Left Wing                Right Wing               Time % Phy DF OF 
 1 Evgeny Kuznetsov         Evander Kane             Anthony Cirelli          40     1   2  2  
 2 Jeff Carter              Reilly Smith             Jonathan Drouin          30     1   2  2  
 3 Christian Dvorak         Zach Sanford             Colin White              20     1   2  2  
 4 Melker Karlsson          Michael Frolik           Curtis Lazar             10     1   2  2  

5 vs 5 Defense 
   Defense                  Defense                                           Time % Phy DF OF 
 1 Morgan Rielly            Andy Greene                                       40     1   2  2  
 2 Marc-Edouard Vlasic      Justin Faulk                                      30     1   2  2  
 3 Sean Walker              Mike Reilly                                       20     1   2  2  
 4 Morgan Rielly            Andy Greene                                       10     1   2  2  

PowerPlay Forward 
   Center                   Left Wing                Right Wing               Time % Phy DF OF 
 1 Evgeny Kuznetsov         Evander Kane             Anthony Cirelli          60     1   2  2  
 2 Jeff Carter              Reilly Smith             Jonathan Drouin          40     1   2  2  

PowerPlay Defense
   Defense                  Defense                                           Time % Phy DF OF 
 1 Morgan Rielly            Andy Greene                                       60     1   2  2  
 2 Marc-Edouard Vlasic      Justin Faulk                                      40     1   2  2  

Penalty Kill 4 Players Forward 
   Center                   Wing                     Time % Phy DF OF 
 1 Evander Kane             Evgeny Kuznetsov         60     1   2  2  
 2 Anthony Cirelli          Reilly Smith             40     1   2  2  

Penalty Kill 4 Players Defense
   Defense                  Defense                  Time % Phy DF OF 
 1 Morgan Rielly            Andy Greene              60     1   2  2  
 2 Marc-Edouard Vlasic      Justin Faulk             40     1   2  2  

Penalty Kill - 3 Players Forward 
   Forward                                           Time % Phy DF OF 
 1 Evander Kane                                      60     1   2  2  
 2 Evgeny Kuznetsov                                  40     1   2  2  

Penalty Kill - 3 Players Defense
   Defense                  Defense                  Time % Phy DF OF 
 1 Morgan Rielly            Andy Greene              60     1   2  2  
 2 Marc-Edouard Vlasic      Justin Faulk             40     1   2  2  

4 vs 4 Forward 
   Center                   Wing                     Time % Phy DF OF 
 1 Evander Kane             Evgeny Kuznetsov         60     1   2  2  
 2 Anthony Cirelli          Reilly Smith             40     1   2  2  

4 vs 4 Defense
   Defense                  Defense                  Time % Phy DF OF 
 1 Morgan Rielly            Andy Greene              60     1   2  2  
 2 Marc-Edouard Vlasic      Justin Faulk             40     1   2  2  

Last Minutes Offensive
   Center                   Left Wing                Right Wing               Defense                  Defense                  
   Evgeny Kuznetsov         Evander Kane             Anthony Cirelli          Morgan Rielly            Andy Greene              

Last Minutes Defensive
   Center                   Left Wing                Right Wing               Defense                  Defense                  
   Evgeny Kuznetsov         Evander Kane             Anthony Cirelli          Morgan Rielly            Andy Greene              

Goaltenders
Starting : Jonathan Quick           
Backup : Brian Elliott            

Extra Forwards
Normal : Matt Martin, Ryan Reaves, Christian Dvorak - PP : Matt Martin, Ryan Reaves - PK : Christian Dvorak
Extra Defensemen
Normal : Sean Walker, Mike Reilly, Marc-Edouard Vlasic - PP : Sean Walker - PK : Mike Reilly, Marc-Edouard Vlasic
Penalty Shots
Evander Kane, Evgeny Kuznetsov, Anthony Cirelli, Reilly Smith, Jeff Carter
Custom OT Lines Forwards
Evander Kane, Evgeny Kuznetsov, Anthony Cirelli, Reilly Smith, Jeff Carter, Christian Dvorak, Jonathan Drouin, Zach Sanford, Colin White, Michael Frolik
Custom OT Lines Defensemen
Morgan Rielly, Andy Greene, Marc-Edouard Vlasic, Justin Faulk, Sean Walker

Scratches
MacKenzie Weegar (Strained Right Knee Injury)

Nordiques

5 vs 5 Forward 
   Center                   Left Wing                Right Wing               Time % Phy DF OF 
 1 Sebastian Aho            Alexander Wennberg       Tyler Johnson            25     1   2  2  
 2 Brandon Dubinsky         Justin Abdelkader        Kirby Dach               25     1   2  2  
 3 Mathieu Perreault        David Backes             Cole Schneider           25     1   2  2  
 4 Joel L'Esperance         Joel Farabee             Hudson Fasching          25     1   2  2  

5 vs 5 Defense 
   Defense                  Defense                                           Time % Phy DF OF 
 1 Brent Seabrook           Travis Sanheim                                    37     1   2  2  
 2 Justin Holl              Shayne Gostisbehere                               33     1   2  2  
 3 Philippe Myers           Ryan Lindgren                                     30     1   2  2  
 4 Brent Seabrook           Travis Sanheim                                    0      1   2  2  

PowerPlay Forward 
   Center                   Left Wing                Right Wing               Time % Phy DF OF 
 1 Sebastian Aho            Alexander Wennberg       Tyler Johnson            50     1   2  2  
 2 Brandon Dubinsky         Justin Abdelkader        Kirby Dach               50     1   2  2  

PowerPlay Defense
   Defense                  Defense                                           Time % Phy DF OF 
 1 Brent Seabrook           Travis Sanheim                                    50     1   2  2  
 2 Justin Holl              Shayne Gostisbehere                               50     1   2  2  

Penalty Kill 4 Players Forward 
   Center                   Wing                     Time % Phy DF OF 
 1 Brandon Dubinsky         Justin Abdelkader        50     1   2  2  
 2 Sebastian Aho            Alexander Wennberg       50     1   2  2  

Penalty Kill 4 Players Defense
   Defense                  Defense                  Time % Phy DF OF 
 1 Philippe Myers           Ryan Lindgren            50     1   2  2  
 2 Justin Holl              Shayne Gostisbehere      50     1   2  2  

Penalty Kill - 3 Players Forward 
   Forward                                           Time % Phy DF OF 
 1 Brandon Dubinsky                                  50     1   2  2  
 2 Sebastian Aho                                     50     1   2  2  

Penalty Kill - 3 Players Defense
   Defense                  Defense                  Time % Phy DF OF 
 1 Philippe Myers           Ryan Lindgren            50     1   2  2  
 2 Justin Holl              Shayne Gostisbehere      50     1   2  2  

4 vs 4 Forward 
   Center                   Wing                     Time % Phy DF OF 
 1 Sebastian Aho            Alexander Wennberg       50     1   2  2  
 2 Tyler Johnson            Brandon Dubinsky         50     1   2  2  

4 vs 4 Defense
   Defense                  Defense                  Time % Phy DF OF 
 1 Brent Seabrook           Travis Sanheim           50     1   2  2  
 2 Justin Holl              Shayne Gostisbehere      50     1   2  2  

Last Minutes Offensive
   Center                   Left Wing                Right Wing               Defense                  Defense                  
   Sebastian Aho            Alexander Wennberg       Tyler Johnson            Brent Seabrook           Travis Sanheim           

Last Minutes Defensive
   Center                   Left Wing                Right Wing               Defense                  Defense                  
   Sebastian Aho            Alexander Wennberg       Tyler Johnson            Brent Seabrook           Travis Sanheim           

Goaltenders
Starting : Dan Vladar               
Backup : Craig Anderson           

Extra Forwards
Normal : Mathieu Perreault, David Backes, Cole Schneider - PP : Mathieu Perreault, David Backes - PK : Cole Schneider
Extra Defensemen
Normal : Philippe Myers, Ryan Lindgren, Justin Holl - PP : Philippe Myers - PK : Ryan Lindgren, Justin Holl
Penalty Shots
Sebastian Aho, Alexander Wennberg, Tyler Johnson, Brandon Dubinsky, Justin Holl
Custom OT Lines Forwards
Sebastian Aho, Alexander Wennberg, Tyler Johnson, Brandon Dubinsky, Justin Holl, Justin Abdelkader, Kirby Dach, Mathieu Perreault, David Backes, Cole Schneider
Custom OT Lines Defensemen
Brent Seabrook, Travis Sanheim, Justin Holl, Shayne Gostisbehere, Philippe Myers

Scratches
None


% Time on Ice - Blues

Lines # - Real PCT - Wanted PCT - Time Play
Normal Forward
1 - 33% - 40% - 14:39
2 - 27% - 30% - 11:57
3 - 22% - 20% - 9:52
4 - 17% - 10% - 7:28
Normal Defense
1 - 40% - 40% - 17:30
2 - 33% - 30% - 14:29
3 - 25% - 20% - 10:53
4 - 2% - 10% - 1:04
PP Forward
1 - 57% - 60% - 6:51
2 - 43% - 40% - 5:15
PP Defense
1 - 63% - 60% - 7:34
2 - 37% - 40% - 4:32
PK Forward
1 - 79% - 60% - 3:08
2 - 21% - 40% - 0:50
PK Defense
1 - 60% - 60% - 2:22
2 - 40% - 40% - 1:36
PK3 Forward
1 - 0% - 60%
2 - 0% - 40%
PK3 Defense
1 - 0% - 60%
2 - 0% - 40%
44 Forward
1 - 0% - 60%
2 - 0% - 40%
44 Defense
1 - 0% - 60%
2 - 0% - 40%
Last Minute Offensive  - 0:00
Last Minute Defensive  - 0:00
Total
Forward - 60:00
Defense - 60:00

% Time on Ice - Nordiques

Lines # - Real PCT - Wanted PCT - Time Play
Normal Forward
1 - 23% - 25% - 10:09
2 - 26% - 25% - 11:35
3 - 25% - 25% - 11:09
4 - 25% - 25% - 11:03
Normal Defense
1 - 40% - 37% - 17:24
2 - 31% - 33% - 13:39
3 - 29% - 30% - 12:53
4 - 0% - 0% - 0:00
PP Forward
1 - 53% - 50% - 2:05
2 - 47% - 50% - 1:53
PP Defense
1 - 57% - 50% - 2:16
2 - 43% - 50% - 1:42
PK Forward
1 - 48% - 50% - 5:52
2 - 52% - 50% - 6:14
PK Defense
1 - 52% - 50% - 6:17
2 - 48% - 50% - 5:49
PK3 Forward
1 - 0% - 50%
2 - 0% - 50%
PK3 Defense
1 - 0% - 50%
2 - 0% - 50%
44 Forward
1 - 0% - 50%
2 - 0% - 50%
44 Defense
1 - 0% - 50%
2 - 0% - 50%
Last Minute Offensive  - 0:00
Last Minute Defensive  - 0:00
Total
Forward - 60:00
Defense - 60:00

Play-by-Play

1st period


0:01 of 1st period - Sebastian Aho wins face-off versus Evgeny Kuznetsov in neutral zone.
0:27 of 1st period - Off-side.
0:28 of 1st period - Brandon Dubinsky wins face-off versus Jeff Carter in neutral zone.
0:39 of 1st period - Wrist shot by Kirby Dach.
0:39 of 1st period - Stopped by Jonathan Quick with a rebound.
0:53 of 1st period - Mathieu Perreault is hit by Zach Sanford and loses puck.
1:00 of 1st period - Slapshot by Christian Dvorak.
1:00 of 1st period - Stopped by Dan Vladar with a rebound.
1:12 of 1st period - Sean Walker is hit by Joel L'Esperance and loses puck.
1:56 of 1st period - Slapshot by Andy Greene.
1:56 of 1st period - Shot Blocked by Ryan Lindgren.
1:58 of 1st period - Slapshot by Andy Greene.
1:58 of 1st period - Stopped by Dan Vladar without a rebound.
1:59 of 1st period - Mathieu Perreault wins face-off versus Evgeny Kuznetsov in Nordiques zone.
2:16 of 1st period - Wrist shot by Evander Kane.
2:16 of 1st period - Shot Misses the Net.
2:26 of 1st period - Joel L'Esperance is hit by Christian Dvorak and loses puck.
3:48 of 1st period - Zach Sanford is hit by Shayne Gostisbehere and loses puck.
4:15 of 1st period - Wrist shot by Reilly Smith.
4:15 of 1st period - Goal by Reilly Smith - Blues : 1 - Nordiques : 0.
4:16 of 1st period - Evgeny Kuznetsov wins face-off versus Mathieu Perreault in neutral zone.
4:48 of 1st period - Snap shot by Justin Abdelkader.
4:48 of 1st period - Stopped by Jonathan Quick with a rebound.
4:50 of 1st period - Wrist shot by Brandon Dubinsky.
4:50 of 1st period - Stopped by Jonathan Quick with a rebound.
4:52 of 1st period - Snap shot by Justin Abdelkader.
4:52 of 1st period - Stopped by Jonathan Quick with a rebound.
4:54 of 1st period - Snap shot by Ryan Lindgren.
4:54 of 1st period - Shot Misses the Net.
6:15 of 1st period - Wrist shot by Jonathan Drouin.
6:15 of 1st period - Shot Misses the Net.
6:17 of 1st period - Slapshot by Marc-Edouard Vlasic.
6:17 of 1st period - Stopped by Dan Vladar with a rebound.
6:23 of 1st period - Minor Penalty to Brandon Dubinsky for Tripping.
6:24 of 1st period - Cole Schneider wins face-off versus Evgeny Kuznetsov in Nordiques zone.
6:35 of 1st period - Snap shot by Evgeny Kuznetsov.
6:35 of 1st period - Goal by Evgeny Kuznetsov - Blues : 2 - Nordiques : 0.
6:36 of 1st period - Evgeny Kuznetsov wins face-off versus Joel L'Esperance in neutral zone.
6:41 of 1st period - Wrist shot by Anthony Cirelli.
6:41 of 1st period - Deflect By Evgeny Kuznetsov.
6:41 of 1st period - Shot Misses the Net.
6:41 of 1st period - Puck is out of play.
6:42 of 1st period - Evgeny Kuznetsov wins face-off versus Joel L'Esperance in Nordiques zone.
7:02 of 1st period - Minor Penalty to Evander Kane for Tripping.
7:03 of 1st period - Christian Dvorak wins face-off versus Sebastian Aho in Blues zone.
9:02 of 1st period - Penalty to Evander Kane is over, Evander Kane is back on ice.
9:57 of 1st period - Cole Schneider is hit by Evander Kane and loses puck.
10:05 of 1st period - Icing by Ryan Lindgren.
10:06 of 1st period - Christian Dvorak wins face-off versus Joel L'Esperance in Nordiques zone.
10:31 of 1st period - Snap shot by Evander Kane.
10:31 of 1st period - Shot Blocked by Justin Holl.
10:47 of 1st period - Marc-Edouard Vlasic is hit by Sebastian Aho and loses puck.
11:16 of 1st period - Snap shot by Mathieu Perreault.
11:16 of 1st period - Stopped by Jonathan Quick without a rebound.
11:17 of 1st period - Sebastian Aho wins face-off versus Evgeny Kuznetsov in Blues zone.
11:20 of 1st period - Snap shot by Alexander Wennberg.
11:20 of 1st period - Stopped by Jonathan Quick without a rebound.
11:21 of 1st period - Evgeny Kuznetsov wins face-off versus Sebastian Aho in Blues zone.
12:09 of 1st period - Snap shot by Kirby Dach.
12:09 of 1st period - Deflect By Mathieu Perreault.
12:09 of 1st period - Shot Misses the Net.
12:09 of 1st period - Puck is out of play.
12:10 of 1st period - Christian Dvorak wins face-off versus Mathieu Perreault in Blues zone.
13:02 of 1st period - Snap shot by Brandon Dubinsky.
13:02 of 1st period - Shot Blocked by Morgan Rielly.
13:04 of 1st period - Wrist shot by Brandon Dubinsky.
13:04 of 1st period - Shot Misses the Net.
13:06 of 1st period - Backhand shot by Shayne Gostisbehere.
13:06 of 1st period - Shot Misses the Net.
13:12 of 1st period - Minor Penalty to Jeff Carter for Hooking.
13:13 of 1st period - Evander Kane wins face-off versus Brandon Dubinsky in Blues zone.
13:24 of 1st period - Snap shot by Brandon Dubinsky.
13:24 of 1st period - Stopped by Jonathan Quick without a rebound.
13:25 of 1st period - Evander Kane wins face-off versus Sebastian Aho in Blues zone.
14:42 of 1st period - Marc-Edouard Vlasic is hit by Kirby Dach and loses puck.
15:12 of 1st period - Penalty to Jeff Carter is over, Jeff Carter is back on ice.
15:26 of 1st period - Christian Dvorak is hit by Joel L'Esperance and loses puck.
15:37 of 1st period - Wrist shot by Jonathan Drouin.
15:37 of 1st period - Shot Hit the Post.
16:15 of 1st period - Snap shot by Curtis Lazar.
16:15 of 1st period - Stopped by Dan Vladar with a rebound.
16:17 of 1st period - Backhand shot by Curtis Lazar.
16:17 of 1st period - Stopped by Dan Vladar with a rebound.
16:19 of 1st period - Slapshot by Sean Walker.
16:19 of 1st period - Stopped by Dan Vladar without a rebound.
16:20 of 1st period - Evgeny Kuznetsov wins face-off versus Brandon Dubinsky in Nordiques zone.
16:25 of 1st period - Snap shot by Evgeny Kuznetsov.
16:25 of 1st period - Shot Blocked by Brent Seabrook.
16:46 of 1st period - Alexander Wennberg is hit by Justin Faulk and loses puck.
17:06 of 1st period - Backhand shot by Joel L'Esperance.
17:06 of 1st period - Stopped by Jonathan Quick with a rebound.
17:40 of 1st period - Wrist shot by Evgeny Kuznetsov.
17:40 of 1st period - Shot Misses the Net.
17:50 of 1st period - Cole Schneider is hit by Morgan Rielly and loses puck.
17:59 of 1st period - Cole Schneider is hit by Curtis Lazar and loses puck.
18:18 of 1st period - Snap shot by Sebastian Aho.
18:18 of 1st period - Goal by Sebastian Aho - Blues : 2 - Nordiques : 1.
18:19 of 1st period - Sebastian Aho wins face-off versus Jeff Carter in neutral zone.
18:22 of 1st period - Snap shot by Tyler Johnson.
18:22 of 1st period - Shot Blocked by Morgan Rielly.
18:24 of 1st period - Snap shot by Sebastian Aho.
18:24 of 1st period - Shot Misses the Net.
18:26 of 1st period - Wrist shot by Tyler Johnson.
18:26 of 1st period - Stopped by Jonathan Quick with a rebound.
19:08 of 1st period - Joel Farabee is hit by Zach Sanford and loses puck.
19:36 of 1st period - Mathieu Perreault is hit by Melker Karlsson and loses puck.
19:51 of 1st period - Reilly Smith is hit by Justin Abdelkader and loses puck.
Goals for this period are 2 for Blues vs 1 for Nordiques.
Shots for this period are 8 for Blues vs 10 for Nordiques.

2nd period


0:01 of 2nd period - Sebastian Aho wins face-off versus Evgeny Kuznetsov in neutral zone.
0:20 of 2nd period - Icing by Hudson Fasching.
0:21 of 2nd period - Jeff Carter wins face-off versus Joel L'Esperance in Nordiques zone.
0:24 of 2nd period - Snap shot by Reilly Smith.
0:24 of 2nd period - Stopped by Dan Vladar with a rebound.
0:46 of 2nd period - Kirby Dach is hit by Evander Kane and loses puck.
0:53 of 2nd period - Snap shot by Evgeny Kuznetsov.
0:53 of 2nd period - Deflect By Evander Kane.
0:53 of 2nd period - Stopped by Dan Vladar with a rebound.
0:55 of 2nd period - Wrist shot by Anthony Cirelli.
0:55 of 2nd period - Shot Misses the Net.
0:57 of 2nd period - Slapshot by Evgeny Kuznetsov.
0:57 of 2nd period - Goal by Evgeny Kuznetsov - Blues : 3 - Nordiques : 1.
0:58 of 2nd period - Sebastian Aho wins face-off versus Evgeny Kuznetsov in neutral zone.
1:07 of 2nd period - Slapshot by Anthony Cirelli.
1:07 of 2nd period - Stopped by Dan Vladar without a rebound.
1:08 of 2nd period - Evgeny Kuznetsov wins face-off versus Sebastian Aho in Nordiques zone.
1:31 of 2nd period - Snap shot by Evander Kane.
1:31 of 2nd period - Shot Misses the Net.
1:33 of 2nd period - Minor Penalty to Brent Seabrook for Interference.
1:34 of 2nd period - Evgeny Kuznetsov wins face-off versus Brandon Dubinsky in Nordiques zone.
1:41 of 2nd period - Slapshot by Evander Kane.
1:41 of 2nd period - Shot Misses the Net.
1:43 of 2nd period - Snap shot by Anthony Cirelli.
1:43 of 2nd period - Stopped by Dan Vladar with a rebound.
1:45 of 2nd period - Snap shot by Anthony Cirelli.
1:45 of 2nd period - Stopped by Dan Vladar without a rebound.
1:46 of 2nd period - Sebastian Aho wins face-off versus Evgeny Kuznetsov in Nordiques zone.
2:23 of 2nd period - Justin Holl is hit by Jonathan Drouin and loses puck.
3:33 of 2nd period - Penalty to Brent Seabrook is over, Brent Seabrook is back on ice.
3:52 of 2nd period - Snap shot by Zach Sanford.
3:52 of 2nd period - Shot Blocked by Joel L'Esperance.
3:54 of 2nd period - Slapshot by Sean Walker.
3:54 of 2nd period - Shot Misses the Net.
3:56 of 2nd period - Snap shot by Christian Dvorak.
3:56 of 2nd period - Deflect By Zach Sanford.
3:56 of 2nd period - Stopped by Dan Vladar without a rebound.
3:57 of 2nd period - Mathieu Perreault wins face-off versus Melker Karlsson in Nordiques zone.
4:09 of 2nd period - Off-side.
4:10 of 2nd period - Brandon Dubinsky wins face-off versus Evgeny Kuznetsov in neutral zone.
4:32 of 2nd period - Icing by Anthony Cirelli.
4:33 of 2nd period - Joel L'Esperance wins face-off versus Evgeny Kuznetsov in Blues zone.
4:38 of 2nd period - Wrist shot by Joel Farabee.
4:38 of 2nd period - Shot Blocked by Justin Faulk.
4:40 of 2nd period - Snap shot by Joel L'Esperance.
4:40 of 2nd period - Stopped by Jonathan Quick with a rebound.
4:42 of 2nd period - Slapshot by Joel L'Esperance.
4:42 of 2nd period - Stopped by Jonathan Quick with a rebound.
4:44 of 2nd period - Slapshot by Hudson Fasching.
4:44 of 2nd period - Shot Blocked by Evgeny Kuznetsov.
4:46 of 2nd period - Snap shot by Ryan Lindgren.
4:46 of 2nd period - Shot Blocked by Anthony Cirelli.
5:45 of 2nd period - Slapshot by Andy Greene.
5:45 of 2nd period - Deflect By Curtis Lazar.
5:45 of 2nd period - Stopped by Dan Vladar without a rebound.
5:46 of 2nd period - Jeff Carter wins face-off versus Joel L'Esperance in Nordiques zone.
5:47 of 2nd period - Snap shot by Jonathan Drouin.
5:47 of 2nd period - Stopped by Dan Vladar without a rebound.
5:48 of 2nd period - Joel L'Esperance wins face-off versus Reilly Smith in Nordiques zone.
5:50 of 2nd period - Minor Penalty to Philippe Myers for Interference.
5:51 of 2nd period - Evgeny Kuznetsov wins face-off versus Brandon Dubinsky in Nordiques zone.
5:53 of 2nd period - Snap shot by Evgeny Kuznetsov.
5:53 of 2nd period - Shot Blocked by Shayne Gostisbehere.
6:13 of 2nd period - Snap shot by Alexander Wennberg.
6:13 of 2nd period - Shot Blocked by Jonathan Drouin.
7:10 of 2nd period - Icing by Anthony Cirelli.
7:11 of 2nd period - Brandon Dubinsky wins face-off versus Evgeny Kuznetsov in Blues zone.
7:50 of 2nd period - Penalty to Philippe Myers is over, Philippe Myers is back on ice.
8:08 of 2nd period - Slapshot by Brandon Dubinsky.
8:08 of 2nd period - Shot Blocked by Morgan Rielly.
8:24 of 2nd period - Ryan Lindgren is hit by Melker Karlsson and loses puck.
8:53 of 2nd period - Wrist shot by David Backes.
8:53 of 2nd period - Shot Misses the Net.
9:05 of 2nd period - Justin Holl is hit by Jonathan Drouin.
9:06 of 2nd period - Icing by Justin Holl.
9:07 of 2nd period - Sebastian Aho wins face-off versus Jonathan Drouin in Nordiques zone.
9:16 of 2nd period - Snap shot by Reilly Smith.
9:16 of 2nd period - Stopped by Dan Vladar with a rebound.
9:18 of 2nd period - Snap shot by Reilly Smith.
9:18 of 2nd period - Shot Blocked by Tyler Johnson.
9:20 of 2nd period - Wrist shot by Reilly Smith.
9:20 of 2nd period - Stopped by Dan Vladar with a rebound.
9:22 of 2nd period - Snap shot by Reilly Smith.
9:22 of 2nd period - Shot Misses the Net.
9:50 of 2nd period - Snap shot by Alexander Wennberg.
9:50 of 2nd period - Stopped by Jonathan Quick without a rebound.
9:51 of 2nd period - Jeff Carter wins face-off versus Brandon Dubinsky in Blues zone.
9:51 of 2nd period - Jeff Carter is hit by Kirby Dach.
10:17 of 2nd period - Evgeny Kuznetsov is hit by Ryan Lindgren and loses puck.
10:36 of 2nd period - Icing by Joel Farabee.
10:37 of 2nd period - Christian Dvorak wins face-off versus Mathieu Perreault in Nordiques zone.
10:38 of 2nd period - Snap shot by Zach Sanford.
10:38 of 2nd period - Stopped by Dan Vladar with a rebound.
10:41 of 2nd period - Icing by Brent Seabrook.
10:42 of 2nd period - Christian Dvorak wins face-off versus Mathieu Perreault in Nordiques zone.
10:47 of 2nd period - Snap shot by Christian Dvorak.
10:47 of 2nd period - Stopped by Dan Vladar without a rebound.
10:48 of 2nd period - Brandon Dubinsky wins face-off versus Evgeny Kuznetsov in Nordiques zone.
10:54 of 2nd period - Off-side.
10:55 of 2nd period - Evgeny Kuznetsov wins face-off versus Justin Abdelkader in neutral zone.
11:54 of 2nd period - Wrist shot by Anthony Cirelli.
11:54 of 2nd period - Shot Misses the Net.
12:02 of 2nd period - Snap shot by Evgeny Kuznetsov.
12:02 of 2nd period - Shot Misses the Net.
12:04 of 2nd period - Snap shot by Evgeny Kuznetsov.
12:04 of 2nd period - Goal by Evgeny Kuznetsov - Blues : 4 - Nordiques : 1.
12:05 of 2nd period - Joel L'Esperance wins face-off versus Reilly Smith in neutral zone.
12:12 of 2nd period - Snap shot by Joel L'Esperance.
12:12 of 2nd period - Stopped by Jonathan Quick with a rebound.
12:14 of 2nd period - Snap shot by Hudson Fasching.
12:14 of 2nd period - Stopped by Jonathan Quick with a rebound.
12:16 of 2nd period - Wrist shot by Hudson Fasching.
12:16 of 2nd period - Goal by Hudson Fasching - Blues : 4 - Nordiques : 2.
12:17 of 2nd period - Cole Schneider wins face-off versus Jeff Carter in neutral zone.
13:03 of 2nd period - Slapshot by Sebastian Aho.
13:03 of 2nd period - Shot Misses the Net.
13:05 of 2nd period - Wrist shot by Travis Sanheim.
13:05 of 2nd period - Deflect By Colin White.
13:05 of 2nd period - Stopped by Jonathan Quick with a rebound.
13:07 of 2nd period - Snap shot by Alexander Wennberg.
13:07 of 2nd period - Stopped by Jonathan Quick with a rebound.
13:09 of 2nd period - Snap shot by Sebastian Aho.
13:09 of 2nd period - Shot Blocked by Colin White.
13:11 of 2nd period - Snap shot by Tyler Johnson.
13:11 of 2nd period - Shot Misses the Net.
13:26 of 2nd period - Wrist shot by Michael Frolik.
13:26 of 2nd period - Shot Misses the Net.
13:48 of 2nd period - Wrist shot by Jonathan Drouin.
13:48 of 2nd period - Stopped by Dan Vladar with a rebound.
14:29 of 2nd period - Alexander Wennberg is hit by Colin White and loses puck.
15:00 of 2nd period - Morgan Rielly is hit by Kirby Dach and loses puck.
15:11 of 2nd period - Morgan Rielly is hit by David Backes and loses puck.
16:00 of 2nd period - Off-side.
16:01 of 2nd period - Jeff Carter wins face-off versus Mathieu Perreault in neutral zone.
16:33 of 2nd period - Wrist shot by Mathieu Perreault.
16:33 of 2nd period - Stopped by Jonathan Quick with a rebound.
16:35 of 2nd period - Snap shot by Mathieu Perreault.
16:35 of 2nd period - Shot Misses the Net.
16:37 of 2nd period - Backhand shot by Travis Sanheim.
16:37 of 2nd period - Stopped by Jonathan Quick with a rebound.
16:39 of 2nd period - Backhand shot by Brent Seabrook.
16:39 of 2nd period - Shot Blocked by Marc-Edouard Vlasic.
16:41 of 2nd period - Slapshot by Brent Seabrook.
16:41 of 2nd period - Shot Blocked by Jeff Carter.
16:43 of 2nd period - Snap shot by Brent Seabrook.
16:43 of 2nd period - Shot Blocked by Marc-Edouard Vlasic.
16:45 of 2nd period - Slapshot by Travis Sanheim.
16:45 of 2nd period - Shot Blocked by Reilly Smith.
16:51 of 2nd period - Snap shot by Mathieu Perreault.
16:51 of 2nd period - Stopped by Jonathan Quick with a rebound.
16:53 of 2nd period - Snap shot by Mathieu Perreault.
16:53 of 2nd period - Stopped by Jonathan Quick without a rebound.
16:54 of 2nd period - Evgeny Kuznetsov wins face-off versus Joel L'Esperance in Blues zone.
16:59 of 2nd period - Wrist shot by Joel Farabee.
16:59 of 2nd period - Deflect By Joel L'Esperance.
16:59 of 2nd period - Stopped by Jonathan Quick without a rebound.
17:00 of 2nd period - Joel L'Esperance wins face-off versus Evgeny Kuznetsov in Blues zone.
17:01 of 2nd period - Snap shot by Joel Farabee.
17:01 of 2nd period - Shot Blocked by Sean Walker.
17:11 of 2nd period - Mike Reilly is hit by Ryan Lindgren and loses puck.
18:16 of 2nd period - Wrist shot by Reilly Smith.
18:16 of 2nd period - Deflect By Jonathan Drouin.
18:16 of 2nd period - Stopped by Dan Vladar without a rebound.
18:17 of 2nd period - Evgeny Kuznetsov wins face-off versus Sebastian Aho in Nordiques zone.
18:21 of 2nd period - Minor Penalty to Sebastian Aho for Holding.
18:22 of 2nd period - Brandon Dubinsky wins face-off versus Evander Kane in Nordiques zone.
18:28 of 2nd period - Slapshot by Shayne Gostisbehere.
18:28 of 2nd period - Shot Blocked by Andy Greene.
18:48 of 2nd period - Jonathan Drouin is hit by Shayne Gostisbehere and loses puck.
Goals for this period are 2 for Blues vs 1 for Nordiques.
Shots for this period are 16 for Blues vs 13 for Nordiques.

3rd period


0:01 of 3rd period - Evgeny Kuznetsov wins face-off versus Cole Schneider in neutral zone.
0:21 of 3rd period - Penalty to Sebastian Aho is over, Sebastian Aho is back on ice.
0:26 of 3rd period - Philippe Myers is hit by Jonathan Drouin and loses puck.
1:00 of 3rd period - Snap shot by Joel L'Esperance.
1:00 of 3rd period - Stopped by Jonathan Quick with a rebound.
1:02 of 3rd period - Snap shot by Joel L'Esperance.
1:02 of 3rd period - Shot Misses the Net.
1:06 of 3rd period - Snap shot by Joel Farabee.
1:06 of 3rd period - Stopped by Jonathan Quick with a rebound.
1:14 of 3rd period - Slapshot by Joel Farabee.
1:14 of 3rd period - Shot Misses the Net.
1:16 of 3rd period - Snap shot by Joel Farabee.
1:16 of 3rd period - Shot Blocked by Jeff Carter.
1:18 of 3rd period - Snap shot by Hudson Fasching.
1:18 of 3rd period - Shot Hit the Post.
1:20 of 3rd period - Snap shot by Philippe Myers.
1:20 of 3rd period - Shot Misses the Net.
1:22 of 3rd period - Wrist shot by Joel L'Esperance.
1:22 of 3rd period - Shot Misses the Net.
1:24 of 3rd period - Snap shot by Joel Farabee.
1:24 of 3rd period - Stopped by Jonathan Quick without a rebound.
1:25 of 3rd period - Evgeny Kuznetsov wins face-off versus Sebastian Aho in Blues zone.
1:25 of 3rd period - Evgeny Kuznetsov is hit by Tyler Johnson.
1:31 of 3rd period - Justin Holl is hit by Anthony Cirelli and loses puck.
2:39 of 3rd period - Snap shot by Sebastian Aho.
2:39 of 3rd period - Shot Blocked by Sean Walker.
2:49 of 3rd period - Backhand shot by Evander Kane.
2:49 of 3rd period - Stopped by Dan Vladar with a rebound.
3:39 of 3rd period - Morgan Rielly is hit by Philippe Myers and loses puck.
3:44 of 3rd period - Snap shot by Sebastian Aho.
3:44 of 3rd period - Shot Blocked by Evander Kane.
4:22 of 3rd period - Snap shot by Brent Seabrook.
4:22 of 3rd period - Deflect By Justin Abdelkader.
4:22 of 3rd period - Stopped by Jonathan Quick with a rebound.
4:24 of 3rd period - Wrist shot by Justin Abdelkader.
4:24 of 3rd period - Shot Misses the Net.
4:41 of 3rd period - Icing by Justin Faulk.
4:42 of 3rd period - Jeff Carter wins face-off versus Joel L'Esperance in Blues zone.
4:42 of 3rd period - Jeff Carter is hit by Joel L'Esperance.
4:47 of 3rd period - Minor Penalty to Ryan Lindgren for Hooking.
4:48 of 3rd period - Brandon Dubinsky wins face-off versus Evgeny Kuznetsov in Nordiques zone.
4:48 of 3rd period - Brandon Dubinsky is hit by Morgan Rielly.
5:52 of 3rd period - Philippe Myers is hit by Justin Faulk and loses puck.
6:06 of 3rd period - Icing by Jeff Carter.
6:07 of 3rd period - Evgeny Kuznetsov wins face-off versus Sebastian Aho in Blues zone.
6:47 of 3rd period - Penalty to Ryan Lindgren is over, Ryan Lindgren is back on ice.
6:52 of 3rd period - Slapshot by Morgan Rielly.
6:52 of 3rd period - Shot Misses the Net.
6:54 of 3rd period - Wrist shot by Colin White.
6:54 of 3rd period - Shot Blocked by Brent Seabrook.
6:56 of 3rd period - Snap shot by Colin White.
6:56 of 3rd period - Stopped by Dan Vladar without a rebound.
6:57 of 3rd period - Mathieu Perreault wins face-off versus Zach Sanford in Nordiques zone.
7:10 of 3rd period - Marc-Edouard Vlasic is hit by Mathieu Perreault and loses puck.
7:23 of 3rd period - Christian Dvorak is hit by Brent Seabrook and loses puck.
7:37 of 3rd period - Mike Reilly is hit by Sebastian Aho and loses puck.
9:19 of 3rd period - Snap shot by Joel Farabee.
9:19 of 3rd period - Shot Misses the Net.
9:46 of 3rd period - Icing by Mathieu Perreault.
9:47 of 3rd period - Mathieu Perreault wins face-off versus Melker Karlsson in Nordiques zone.
10:03 of 3rd period - Slapshot by Sean Walker.
10:03 of 3rd period - Stopped by Dan Vladar without a rebound.
10:04 of 3rd period - Sebastian Aho wins face-off versus Evgeny Kuznetsov in Nordiques zone.
10:04 of 3rd period - Sebastian Aho is hit by Anthony Cirelli.
10:19 of 3rd period - Slapshot by Tyler Johnson.
10:19 of 3rd period - Stopped by Jonathan Quick with a rebound.
10:37 of 3rd period - Snap shot by Justin Abdelkader.
10:37 of 3rd period - Stopped by Jonathan Quick with a rebound.
10:39 of 3rd period - Wrist shot by Kirby Dach.
10:39 of 3rd period - Shot Misses the Net.
10:41 of 3rd period - Wrist shot by Justin Abdelkader.
10:41 of 3rd period - Shot Misses the Net.
10:43 of 3rd period - Snap shot by Justin Abdelkader.
10:43 of 3rd period - Stopped by Jonathan Quick with a rebound.
11:10 of 3rd period - Icing by Philippe Myers.
11:11 of 3rd period - Mathieu Perreault wins face-off versus Melker Karlsson in Nordiques zone.
11:11 of 3rd period - Mathieu Perreault is hit by Melker Karlsson.
11:38 of 3rd period - Off-side.
11:39 of 3rd period - Evgeny Kuznetsov wins face-off versus Joel L'Esperance in neutral zone.
11:41 of 3rd period - Off-side.
11:42 of 3rd period - Evgeny Kuznetsov wins face-off versus Joel L'Esperance in neutral zone.
11:53 of 3rd period - Snap shot by Evander Kane.
11:53 of 3rd period - Stopped by Dan Vladar with a rebound.
11:55 of 3rd period - Wrist shot by Sean Walker.
11:55 of 3rd period - Deflect By Evander Kane.
11:55 of 3rd period - Shot Misses the Net.
11:55 of 3rd period - Puck is out of play.
11:56 of 3rd period - Evgeny Kuznetsov wins face-off versus Sebastian Aho in Nordiques zone.
12:13 of 3rd period - Slapshot by Evander Kane.
12:13 of 3rd period - Stopped by Dan Vladar with a rebound.
12:19 of 3rd period - Minor Penalty to Sebastian Aho for Tripping.
12:20 of 3rd period - Evgeny Kuznetsov wins face-off versus Brandon Dubinsky in Nordiques zone.
12:23 of 3rd period - Snap shot by Evgeny Kuznetsov.
12:23 of 3rd period - Shot Misses the Net.
12:35 of 3rd period - Wrist shot by Evander Kane.
12:35 of 3rd period - Shot Misses the Net.
12:37 of 3rd period - Wrist shot by Evander Kane.
12:37 of 3rd period - Stopped by Dan Vladar without a rebound.
12:38 of 3rd period - Cole Schneider wins face-off versus Reilly Smith in Nordiques zone.
13:03 of 3rd period - Anthony Cirelli is hit by Justin Abdelkader and loses puck.
14:19 of 3rd period - Penalty to Sebastian Aho is over, Sebastian Aho is back on ice.
15:11 of 3rd period - Snap shot by Reilly Smith.
15:11 of 3rd period - Stopped by Dan Vladar without a rebound.
15:12 of 3rd period - Brandon Dubinsky wins face-off versus Jeff Carter in Nordiques zone.
15:17 of 3rd period - Slapshot by Kirby Dach.
15:17 of 3rd period - Deflect By Jonathan Drouin.
15:17 of 3rd period - Stopped by Jonathan Quick with a rebound.
15:19 of 3rd period - Wrist shot by Kirby Dach.
15:19 of 3rd period - Shot Misses the Net.
15:21 of 3rd period - Snap shot by Kirby Dach.
15:21 of 3rd period - Shot Blocked by Andy Greene.
15:23 of 3rd period - Wrist shot by Justin Abdelkader.
15:23 of 3rd period - Shot Misses the Net.
15:25 of 3rd period - Slapshot by Justin Abdelkader.
15:25 of 3rd period - Shot Misses the Net.
15:27 of 3rd period - Slapshot by Shayne Gostisbehere.
15:27 of 3rd period - Stopped by Jonathan Quick with a rebound.
15:29 of 3rd period - Slapshot by Shayne Gostisbehere.
15:29 of 3rd period - Deflect By Morgan Rielly.
15:29 of 3rd period - Stopped by Jonathan Quick with a rebound.
15:31 of 3rd period - Slapshot by Justin Holl.
15:31 of 3rd period - Shot Misses the Net.
15:33 of 3rd period - Wrist shot by Justin Abdelkader.
15:33 of 3rd period - Stopped by Jonathan Quick with a rebound.
15:35 of 3rd period - Snap shot by Justin Abdelkader.
15:35 of 3rd period - Shot Misses the Net.
15:37 of 3rd period - Slapshot by Shayne Gostisbehere.
15:37 of 3rd period - Stopped by Jonathan Quick without a rebound.
15:38 of 3rd period - Christian Dvorak wins face-off versus Mathieu Perreault in Blues zone.
15:38 of 3rd period - Christian Dvorak is hit by David Backes.
15:54 of 3rd period - Cole Schneider is hit by Justin Faulk and loses puck.
16:05 of 3rd period - Justin Faulk is hit by Joel Farabee and loses puck.
16:17 of 3rd period - Minor Penalty to Joel L'Esperance for Slashing.
16:18 of 3rd period - Anthony Cirelli wins face-off versus Justin Abdelkader in Nordiques zone.
16:48 of 3rd period - Wrist shot by Jonathan Drouin.
16:48 of 3rd period - Shot Misses the Net.
16:50 of 3rd period - Snap shot by Reilly Smith.
16:50 of 3rd period - Shot Misses the Net.
16:52 of 3rd period - Slapshot by Justin Faulk.
16:52 of 3rd period - Stopped by Dan Vladar with a rebound.
16:56 of 3rd period - Snap shot by Jonathan Drouin.
16:56 of 3rd period - Stopped by Dan Vladar with a rebound.
18:17 of 3rd period - Penalty to Joel L'Esperance is over, Joel L'Esperance is back on ice.
18:26 of 3rd period - Brent Seabrook is hit by Morgan Rielly and loses puck.
18:32 of 3rd period - Off-side.
18:33 of 3rd period - Christian Dvorak wins face-off versus Cole Schneider in neutral zone.
19:52 of 3rd period - Mathieu Perreault is hit by Matt Martin and loses puck.
Goals for this period are 0 for Blues vs 0 for Nordiques.
Shots for this period are 9 for Blues vs 12 for Nordiques.